[Event "6th Porticcio Open 2019"]
[Site "Porticcio"]
[Date "2019.07.02"]
[Round "5.6"]
[White "Sadhwani, Raunak"]
[Black "Boyer, Mahel"]
[Result "1-0"]
[ECO "A14"]
[WhiteElo "2482"]
[BlackElo "2295"]
[Annotator "ChessBase"]
[PlyCount "84"]
[EventDate "2019.06.23"]
[EventType "swiss"]
[EventCountry "FRA"]
[SourceTitle "playchess.com"]
[Source "ChessBase"]
[SourceQuality "1"]
[TimeControl "5400+30"]

1. Nf3 Nf6 2. c4 e6 3. g3 d5 4. Bg2 Be7 5. O-O O-O 6. b3 d4 7. e3 c5 8. exd4 cxd4 9. Bb2 Nc6 10. Re1 Ng4 11. h3 Nh6 12. a3 a5 13. Ne5 Nxe5 14. Rxe5 f6 15. Rb5 e5 16. d3 Ra7 17. b4 Bd7 18. Rxb7 Rxb7 19. Bxb7 Bxh3 20. Qa4 axb4 21. axb4 f5 22. Qb5 f4 23. Qd5+ Qxd5 24. Bxd5+ Kh8 25. gxf4 Ng4 26. b5 Bh4 27. Ra8 Bxf2+ 28. Kh1 Rxa8 29. Bxa8 exf4 30. Bg2 Bxg2+ 31. Kxg2 Be3 32. b6 Ne5 33. b7 Nc6 34. Na3 Kg8 35. Nc2 Kf7 36. Nxe3 dxe3 37. d4 Nb8 38. d5 Kg6 39. c5 Kf5 40. c6 Ke4 41. c7 f3+ 42. Kf1 Kxd5 1-0

[Event "6th Porticcio Open 2019"]
[Site "Porticcio"]
[Date "2019.07.02"]
[Round "5.7"]
[White "Defromont, Benjamin"]
[Black "Kirk, Ezra"]
[Result "0-1"]
[ECO "B31"]
[WhiteElo "2218"]
[BlackElo "2428"]
[Annotator "NA"]
[PlyCount "88"]
[EventDate "2019.06.23"]
[EventType "swiss"]
[EventCountry "FRA"]
[SourceTitle "playchess.com"]
[Source "ChessBase"]
[SourceQuality "1"]
[TimeControl "5400+30"]

1. e4 c5 2. Nf3 Nc6 3. Bb5 g6 4. O-O Bg7 5. Re1 Nf6 6. e5 Nd5 7. Nc3 Nc7 8. Bxc6 dxc6 9. Ne4 b6 10. Nf6+ Kf8 11. Ne4 Bg4 12. d3 Ne6 13. Ned2 g5 14. h3 Bh5 15. Ne4 h6 16. Ng3 Bg6 17. b3 Qd5 18. Bb2 Rd8 19. a4 Nf4 20. Re3 Kg8 21. Ne2 Ne6 22. Qf1 h5 23. h4 g4 24. Ng5 Nxg5 25. hxg5 Qe6 26. d4 Qf5 27. dxc5 bxc5 28. Rc3 Qxe5 29. Rd3 Qc7 30. Rxd8+ Qxd8 31. Bxg7 Kxg7 32. Qe1 e5 33. Qc3 Qxg5 34. Qxc5 h4 35. Qxa7 Bxc2 36. Qc5 Bd3 37. Re1 g3 38. f4 Qf5 39. Nc1 Be4 40. Qe3 Rd8 41. fxe5 Qxe5 42. Kf1 h3 43. gxh3 Qf5+ 44. Ke2 Qh5+ 0-1

[Event "6th Porticcio Open 2019"]
[Site "Porticcio"]
[Date "2019.07.02"]
[Round "5.8"]
[White "Can, Isik"]
[Black "Soubirou, Oriane"]
[Result "1-0"]
[ECO "B06"]
[WhiteElo "2379"]
[BlackElo "2129"]
[Annotator "ChessBase"]
[PlyCount "63"]
[EventDate "2019.06.23"]
[EventType "swiss"]
[EventCountry "FRA"]
[SourceTitle "playchess.com"]
[Source "ChessBase"]
[SourceQuality "1"]
[TimeControl "5400+30"]

1. e4 g6 2. d4 Nf6 3. e5 Nh5 4. Nf3 d6 5. Bc4 d5 6. Bb3 Ng7 7. c4 c6 8. Nc3 dxc4 9. Bxc4 Ne6 10. Be3 Bg7 11. h4 h6 12. Qd2 Na6 13. O-O-O Nac7 14. Kb1 b5 15. Bd3 b4 16. Ne4 Nd5 17. Rc1 b3 18. a3 Qb6 19. Nc5 a5 20. Be4 Nec7 21. Qd3 Bf8 22. Qxb3 Rb8 23. Qxb6 Rxb6 24. Bd2 Nb5 25. a4 Na7 26. Bxa5 Rb8 27. e6 f5 28. Bxd5 cxd5 29. Nd7 Rb7 30. Rc5 Bxd7 31. exd7+ Kxd7 32. Rhc1 1-0

[Event "6th Porticcio Open 2019"]
[Site "Porticcio"]
[Date "2019.07.03"]
[Round "6.2"]
[White "Zhigalko, Sergei"]
[Black "Lagarde, Maxime"]
[Result "1/2-1/2"]
[ECO "B40"]
[WhiteElo "2594"]
[BlackElo "2599"]
[Annotator "ChessBase"]
[PlyCount "96"]
[EventDate "2019.06.23"]
[EventType "swiss"]
[EventCountry "FRA"]
[SourceTitle "playchess.com"]
[Source "ChessBase"]
[SourceQuality "1"]
[TimeControl "5400+30"]

1. e4 c5 2. Nf3 e6 3. c3 d5 4. exd5 exd5 5. d4 Nf6 6. Bb5+ Bd7 7. Bxd7+ Nbxd7 8. O-O Be7 9. Qb3 Qc7 10. Re1 c4 11. Qa4 a6 12. Bg5 b5 13. Qc2 Qd6 14. Qe2 Nf8 15. Nh4 g6 16. Qf3 O-O-O 17. Nd2 h6 18. Bf4 Qd7 19. a4 Ne6 20. Bg3 Ng5 21. Qf4 Kb7 22. axb5 axb5 23. Ra5 Ne6 24. Qe3 Ra8 25. Rxa8 Rxa8 26. Nhf3 Ra6 27. Ne5 Qe8 28. Qxh6 Nh5 29. Ndf3 b4 30. Qh7 Nhg7 31. h3 b3 32. Nxc4 dxc4 33. d5 Bf6 34. dxe6 Rxe6 35. Rxe6 Nxe6 36. Kh2 Nc5 37. Nd2 Qe6 38. Qg8 Be5 39. Qd8 Bxg3+ 40. fxg3 Na4 41. Ne4 Qxe4 42. Qd7+ Kb6 43. Qxa4 Qe2 44. Qd7 Qxb2 45. Qd6+ Kb7 46. Qd7+ Kb6 47. Qd6+ Kb7 48. Qd7+ Kb6 1/2-1/2

[Event "6th Porticcio Open 2019"]
[Site "Porticcio"]
[Date "2019.07.03"]
[Round "6.3"]
[White "Kirk, Ezra"]
[Black "Yankelevich, Lev"]
[Result "1-0"]
[ECO "C50"]
[WhiteElo "2428"]
[BlackElo "2484"]
[Annotator "ChessBase"]
[PlyCount "59"]
[EventDate "2019.06.23"]
[EventType "swiss"]
[EventCountry "FRA"]
[SourceTitle "playchess.com"]
[Source "ChessBase"]
[SourceQuality "1"]
[TimeControl "5400+30"]

1. e4 e5 2. Nf3 Nc6 3. Bc4 Nf6 4. d3 Bc5 5. O-O d6 6. c3 a6 7. Bb3 Ba7 8. Nbd2 O-O 9. h3 h6 10. Re1 Re8 11. Nf1 Be6 12. N3h2 Bxb3 13. axb3 Ne7 14. Ng3 Ng6 15. Ng4 Nxg4 16. Qxg4 Qh4 17. Qf3 Kh7 18. Be3 Bxe3 19. fxe3 Qg5 20. Kh2 Nh4 21. Qf2 Rad8 22. Rf1 Re7 23. Qe2 Rdd7 24. Rf2 Re6 25. Raf1 Rg6 26. Nh5 Re6 27. g3 Ng6 28. Rxf7 Rxf7 29. Rxf7 Re7 30. Rf5 1-0

[Event "6th Porticcio Open 2019"]
[Site "Porticcio"]
[Date "2019.07.03"]
[Round "6.6"]
[White "Libiszewski, Fabien"]
[Black "Onischuk, Vladimir"]
[Result "0-1"]
[ECO "B07"]
[WhiteElo "2518"]
[BlackElo "2630"]
[Annotator "ChessBase"]
[PlyCount "100"]
[EventDate "2019.06.23"]
[EventType "swiss"]
[EventCountry "FRA"]
[SourceTitle "playchess.com"]
[Source "ChessBase"]
[SourceQuality "1"]
[TimeControl "5400+30"]

1. e4 d6 2. d4 Nf6 3. Nc3 g6 4. Bg5 h6 5. Be3 c6 6. h3 Qa5 7. Qd2 Nbd7 8. Nf3 Bg7 9. a3 Qc7 10. Rd1 Kf8 11. Nh4 Kg8 12. f4 c5 13. Nf3 Kh7 14. g4 b5 15. Bxb5 cxd4 16. Bxd4 Bb7 17. O-O Nc5 18. Bd3 Rhd8 19. g5 Nfxe4 20. Bxe4 Nxe4 21. Nxe4 Bxe4 22. Bxg7 Bxf3 23. Rxf3 Kxg7 24. gxh6+ Kh7 25. Qd4 Rg8 26. c4 a5 27. Qd5 Raf8 28. b4 axb4 29. axb4 e6 30. Qxd6 Qxc4 31. Qd4 Qb5 32. Rdf1 Rd8 33. Qc5 Qb7 34. Qc3 Rd5 35. Kh2 Kxh6 36. R1f2 Rc8 37. Qf6 Rf5 38. Qb2 Kh7 39. Rg3 Rh5 40. Rd2 Qe4 41. Qd4 Qf5 42. Rdg2 Rc1 43. Re2 Qb1 44. Qe4 Qa1 45. Rb3 Rd5 46. b5 Rdd1 47. Rg2 Rh1+ 48. Kg3 Rc3+ 49. Rxc3 Qxc3+ 50. Kf2 Rxh3 0-1

[Event "6th Porticcio Open 2019"]
[Site "Porticcio"]
[Date "2019.07.03"]
[Round "6.7"]
[White "Sonis, Francesco"]
[Black "Krasenkow, Michal"]
[Result "1/2-1/2"]
[ECO "A41"]
[WhiteElo "2498"]
[BlackElo "2620"]
[Annotator "ChessBase"]
[PlyCount "109"]
[EventDate "2019.06.23"]
[EventType "swiss"]
[EventCountry "FRA"]
[SourceTitle "playchess.com"]
[Source "ChessBase"]
[SourceQuality "1"]
[TimeControl "5400+30"]

1. Nf3 d6 2. d4 Bg4 3. Nbd2 Nd7 4. h3 Bh5 5. e4 e5 6. c3 Ngf6 7. Bd3 Be7 8. O-O O-O 9. Re1 c6 10. Nf1 Re8 11. Ng3 Bg6 12. Qc2 Bf8 13. Be3 exd4 14. cxd4 c5 15. dxc5 Nxc5 16. Bxc5 dxc5 17. Rad1 Qc7 18. e5 Bxd3 19. Qxd3 Rad8 20. Qf5 Nd5 21. Ng5 g6 22. Qf3 h6 23. Rxd5 hxg5 24. Rxd8 Rxd8 25. Ne4 Be7 26. Nf6+ Kg7 27. Qg3 Qa5 28. Re3 Qxa2 29. Qxg5 Qe6 30. Nh5+ Kg8 31. Nf6+ Bxf6 32. exf6 Qf5 33. Qh4 b5 34. f4 Qh5 35. Qxh5 gxh5 36. Re5 Rd2 37. Rxc5 Rxb2 38. Rg5+ Kh7 39. Rg7+ Kh6 40. Rxf7 Kg6 41. Rxa7 Kxf6 42. Ra6+ Kf5 43. Rh6 Kxf4 44. Rxh5 b4 45. Kh2 b3 46. Rb5 Ke4 47. h4 Kd4 48. h5 Kc3 49. Kh3 Rb1 50. g4 Rh1+ 51. Kg2 Rh4 52. Kg3 Rh1 53. Kg2 Rh4 54. Kg3 Rh1 55. Kg2 1/2-1/2

[Event "6th Porticcio Open 2019"]
[Site "Porticcio"]
[Date "2019.07.03"]
[Round "6.8"]
[White "Debray, Christopher"]
[Black "Vocaturo, Daniele"]
[Result "0-1"]
[ECO "E01"]
[WhiteElo "2352"]
[BlackElo "2612"]
[Annotator "ChessBase"]
[PlyCount "96"]
[EventDate "2019.06.23"]
[EventType "swiss"]
[EventCountry "FRA"]
[SourceTitle "playchess.com"]
[Source "ChessBase"]
[SourceQuality "1"]
[TimeControl "5400+30"]

1. d4 Nf6 2. c4 e6 3. g3 d5 4. Bg2 Bb4+ 5. Nd2 O-O 6. Ngf3 dxc4 7. Qc2 a5 8. Qxc4 b6 9. a3 Be7 10. Ne5 Ba6 11. Qc2 Ra7 12. Ndf3 c5 13. dxc5 Bxc5 14. Nd3 Rc7 15. Nxc5 Rxc5 16. Qd2 Qc8 17. O-O Rc2 18. Qd6 Nc6 19. Nd4 Rd8 20. Nxc6 Rxd6 21. Ne7+ Kf8 22. Nxc8 Rxc8 23. Bf4 Rd7 24. Be3 Nd5 25. Bxd5 Rxd5 26. Rfc1 Rxc1+ 27. Rxc1 Bxe2 28. Bxb6 a4 29. Bc5+ Ke8 30. Kg2 g5 31. h3 h5 32. Be3 g4 33. h4 f6 34. Kh2 e5 35. Rc2 Bf3 36. Rd2 Rb5 37. Kg1 Rb7 38. Bc5 Rc7 39. Rc2 Rd7 40. Rc1 Rd2 41. Rb1 Rc2 42. Bb4 Be2 43. Bc3 Kf7 44. Kg2 Ke6 45. Re1 Kd5 46. Rb1 f5 47. Kh2 f4 48. Re1 f3 0-1

[Event "6th Porticcio Open 2019"]
[Site "Porticcio"]
[Date "2019.07.04"]
[Round "7.1"]
[White "Lagarde, Maxime"]
[Black "Donchenko, Alexander"]
[Result "1-0"]
[ECO "B53"]
[WhiteElo "2599"]
[BlackElo "2618"]
[Annotator "ChessBase"]
[PlyCount "109"]
[EventDate "2019.06.23"]
[EventType "swiss"]
[EventCountry "FRA"]
[SourceTitle "playchess.com"]
[Source "ChessBase"]
[SourceQuality "1"]
[TimeControl "5400+30"]

1. e4 c5 2. Nf3 d6 3. d4 cxd4 4. Qxd4 Nc6 5. Qe3 g6 6. Be2 Bg7 7. O-O Nf6 8. h3 O-O 9. Rd1 Be6 10. Nc3 Qc7 11. a3 a6 12. Qg5 Rac8 13. Qh4 Ne5 14. Nxe5 dxe5 15. Be3 b5 16. a4 b4 17. Nd5 Qb7 18. Bxa6 Qxa6 19. Nxe7+ Kh8 20. Nxc8 Rxc8 21. Rd2 h5 22. f3 Kg8 23. b3 Nd7 24. Rad1 Bf6 25. Bg5 Qa7+ 26. Kh1 Bg7 27. Be7 Bh6 28. Bg5 Bf8 29. g4 Rc3 30. gxh5 Rxf3 31. Rd3 Rxd3 32. Rxd3 Qc5 33. Rd2 Qc3 34. Kh2 Qf3 35. hxg6 fxg6 36. Rf2 Qd1 37. Bf6 Qh5 38. Qxh5 gxh5 39. a5 Bd6 40. a6 Bc5 41. Bh4 Ba7 42. Rg2+ Kf7 43. Bf2 Nc5 44. Be3 Bc8 45. Rf2+ Ke7 46. Rg2 Kd6 47. Rg7 Bd7 48. Rh7 Bb6 49. Rxh5 Bc8 50. Rh6+ Kc7 51. h4 Nd7 52. Bxb6+ Nxb6 53. h5 Nd7 54. a7 Bb7 55. Rh7 1-0

[Event "6th Porticcio Open 2019"]
[Site "Porticcio"]
[Date "2019.07.04"]
[Round "7.2"]
[White "Sadhwani, Raunak"]
[Black "Kirk, Ezra"]
[Result "1-0"]
[ECO "A40"]
[WhiteElo "2482"]
[BlackElo "2428"]
[Annotator "ChessBase"]
[PlyCount "97"]
[EventDate "2019.06.23"]
[EventType "swiss"]
[EventCountry "FRA"]
[SourceTitle "playchess.com"]
[Source "ChessBase"]
[SourceQuality "1"]
[TimeControl "5400+30"]

1. d4 Nf6 2. c4 e6 3. g3 Bb4+ 4. Bd2 Qe7 5. Bg2 O-O 6. Nc3 d6 7. Nf3 e5 8. O-O c6 9. Qa4 Bxc3 10. Bxc3 e4 11. Ne1 Nbd7 12. Qd1 Re8 13. Nc2 Nf8 14. d5 c5 15. b4 b6 16. a4 Ng6 17. a5 Rb8 18. axb6 axb6 19. Ne3 Ng4 20. Nxg4 Bxg4 21. Qc2 Bf5 22. Ra6 Bc8 23. Ra3 f5 24. Rb1 Rb7 25. Ra8 Ne5 26. Qa2 Nd7 27. Bh3 Rf8 28. Bxf5 Rxf5 29. Rxc8+ Nf8 30. Qa6 Rf7 31. Bd2 cxb4 32. Rxb4 Ra7 33. Qxb6 Ra2 34. Rb2 Ra1+ 35. Rb1 Rxb1+ 36. Qxb1 h5 37. h4 Qd7 38. Ra8 Qg4 39. Be3 Qxe2 40. c5 dxc5 41. Bxc5 Qc4 42. Qb4 Qxd5 43. Rxf8+ Rxf8 44. Bxf8 e3 45. fxe3 Qd1+ 46. Kf2 Qc2+ 47. Kf3 Qc6+ 48. e4 Qc1 49. Bc5 1-0

[Event "6th Porticcio Open 2019"]
[Site "Porticcio"]
[Date "2019.07.04"]
[Round "7.3"]
[White "Prithu Gupta"]
[Black "Kovchan, Alexander"]
[Result "1/2-1/2"]
[ECO "A16"]
[WhiteElo "2470"]
[BlackElo "2566"]
[Annotator "ChessBase"]
[PlyCount "72"]
[EventDate "2019.06.23"]
[EventType "swiss"]
[EventCountry "FRA"]
[SourceTitle "playchess.com"]
[Source "ChessBase"]
[SourceQuality "1"]
[TimeControl "5400+30"]

1. c4 Nf6 2. Nc3 d5 3. cxd5 Nxd5 4. g3 e5 5. Bg2 Nxc3 6. bxc3 c5 7. Nf3 Nc6 8. O-O Be7 9. d4 exd4 10. cxd4 cxd4 11. Bb2 Bf6 12. Ba3 Be7 13. Bb2 Bf6 14. Ba3 Be7 15. Bxe7 Qxe7 16. Nxd4 Nxd4 17. Qxd4 O-O 18. a4 Rd8 19. Qe4 Qxe4 20. Bxe4 Rb8 21. Rfd1 Bd7 22. a5 Bb5 23. Bxb7 Bxe2 24. Rxd8+ Rxd8 25. Re1 Rd1 26. Rxd1 Bxd1 27. f4 Kf8 28. Kf2 Ke7 29. Ke3 Kd6 30. Kd4 f6 31. Be4 h6 32. h4 Be2 33. Bg2 Bb5 34. Be4 Be2 35. Bg2 Bb5 36. Be4 Be2 1/2-1/2

[Event "6th Porticcio Open 2019"]
[Site "Porticcio"]
[Date "2019.07.04"]
[Round "7.7"]
[White "Krasenkow, Michal"]
[Black "Can, Isik"]
[Result "1-0"]
[ECO "D10"]
[WhiteElo "2620"]
[BlackElo "2379"]
[Annotator "ChessBase"]
[PlyCount "61"]
[EventDate "2019.06.23"]
[EventType "swiss"]
[EventCountry "FRA"]
[SourceTitle "playchess.com"]
[Source "ChessBase"]
[SourceQuality "1"]
[TimeControl "5400+30"]

1. d4 d5 2. c4 c6 3. Nc3 Nf6 4. e3 Bf5 5. cxd5 cxd5 6. Qb3 Nc6 7. Qxb7 Bd7 8. Qb3 Rb8 9. Qd1 e5 10. dxe5 Nxe5 11. Nge2 Bc5 12. Nd4 Ne4 13. Bb5 Bxb5 14. Ndxb5 Rxb5 15. Nxb5 Bb4+ 16. Kf1 Qh4 17. Qe2 O-O 18. a3 Ba5 19. Nd4 Ng4 20. Nf5 Qg5 21. Ne7+ Kh8 22. f4 Qxe7 23. Qxg4 d4 24. exd4 Re8 25. Qd1 Qh4 26. Be3 g5 27. fxg5 Bd2 28. Qf3 Kg8 29. Rd1 Nxg5 30. Qf2 Qg4 31. Rxd2 1-0

[Event "6th Porticcio Open 2019"]
[Site "Porticcio"]
[Date "2019.07.04"]
[Round "7.8"]
[White "Van Wely, Loek"]
[Black "Boyer, Mahel"]
[Result "0-1"]
[ECO "A67"]
[WhiteElo "2604"]
[BlackElo "2295"]
[Annotator "ChessBase"]
[PlyCount "150"]
[EventDate "2019.06.23"]
[EventType "swiss"]
[EventCountry "FRA"]
[SourceTitle "playchess.com"]
[Source "ChessBase"]
[SourceQuality "1"]
[TimeControl "5400+30"]

1. d4 Nf6 2. c4 c5 3. d5 e6 4. Nc3 exd5 5. cxd5 d6 6. e4 g6 7. f4 Bg7 8. Bb5+ Nfd7 9. Bd3 O-O 10. Nf3 Qa5 11. Bd2 Na6 12. a3 Re8 13. Rb1 Nf6 14. O-O c4 15. Bc2 b5 16. Kh1 Qb6 17. Qe1 Nc5 18. Be3 Bb7 19. Rd1 a6 20. e5 dxe5 21. fxe5 Ng4 22. Bd4 Nxe5 23. Nxe5 Bxe5 24. Bxe5 Nd7 25. Qh4 Rxe5 26. Ne4 Bxd5 27. Ng5 Nf8 28. Qf4 f6 29. Nf3 Bxf3 30. Qxf3 Rae8 31. b3 cxb3 32. Bxb3+ Kg7 33. Rc1 Rf5 34. Qc3 Rxf1+ 35. Rxf1 Nd7 36. h3 Ne5 37. Rc1 Rd8 38. Qb4 Qd6 39. Qa5 Rd7 40. Rc8 Nd3 41. Qd2 Qf4 42. Qxf4 Nxf4 43. a4 Rd3 44. Rc7+ Kh6 45. Bg8 bxa4 46. Rxh7+ Kg5 47. Ra7 Kh4 48. Kh2 Rd2 49. Rh7+ Kg5 50. Kg3 Rxg2+ 51. Kf3 Rc2 52. h4+ Kf5 53. Ra7 Rc3+ 54. Kf2 Nd3+ 55. Ke3 Nb4+ 56. Kd4 Nc6+ 57. Kxc3 Nxa7 58. Bh7 Nb5+ 59. Kb4 a3 60. Kb3 Kg4 61. Bxg6 Kxh4 62. Be4 Kg4 63. Bb7 Nc7 64. Kxa3 f5 65. Bc8 Kg5 66. Kb4 f4 67. Kc5 f3 68. Kb6 f2 69. Bh3 Kh4 70. Bf1 Kg3 71. Bc4 Kg2 72. Kxc7 a5 73. Kb6 a4 74. Kc5 a3 75. Kd4 a2 0-1

[Event "6th Porticcio Open 2019"]
[Site "Porticcio"]
[Date "2019.07.05"]
[Round "8.1"]
[White "Sadhwani, Raunak"]
[Black "Lagarde, Maxime"]
[Result "1/2-1/2"]
[ECO "A34"]
[WhiteElo "2482"]
[BlackElo "2599"]
[Annotator "ChessBase"]
[PlyCount "111"]
[EventDate "2019.06.23"]
[EventType "swiss"]
[EventCountry "FRA"]
[SourceTitle "playchess.com"]
[Source "ChessBase"]
[SourceQuality "1"]
[TimeControl "5400+30"]

1. Nf3 c5 2. c4 Nf6 3. Nc3 d5 4. cxd5 Nxd5 5. e4 Nb4 6. Bc4 Nd3+ 7. Ke2 Nf4+ 8. Kf1 Ne6 9. Ne5 Nc6 10. Nxc6 bxc6 11. h4 Nd4 12. h5 e5 13. b3 Bd6 14. Na4 O-O 15. Ba3 Kh8 16. h6 g6 17. Bxc5 Bxc5 18. Nxc5 Qe7 19. b4 a5 20. Nb3 Qxb4 21. Rc1 Ne6 22. Qf3 f6 23. Qc3 Qxc3 24. Rxc3 a4 25. Bxe6 Bxe6 26. Nc5 Bxa2 27. Ke2 Rfd8 28. Ra1 Bf7 29. Rxa4 Rxa4 30. Nxa4 Kg8 31. Nc5 Re8 32. Nd7 Re6 33. Rf3 f5 34. exf5 gxf5 35. Rxf5 Rxh6 36. Rg5+ Kh8 37. Nxe5 Bd5 38. f3 Rh1 39. Ng4 Rc1 40. Kd3 Rg1 41. Nf6 Bf7 42. Kd4 Bg6 43. Nd7 Kg7 44. Ne5 Kf6 45. f4 Rd1 46. d3 c5+ 47. Ke3 Bf5 48. g4 Re1+ 49. Kf3 Rxe5 50. gxf5 Rxf5 51. Rg8 Rd5 52. Ke4 Rd4+ 53. Ke3 Rd5 54. Ke4 Rd4+ 55. Ke3 Rd5 56. Ke4 {[%emt 0:00:04] Ke5+} 1/2-1/2

[Event "6th Porticcio Open 2019"]
[Site "Porticcio"]
[Date "2019.07.05"]
[Round "8.3"]
[White "Donchenko, Alexander"]
[Black "Vocaturo, Daniele"]
[Result "1/2-1/2"]
[ECO "A04"]
[WhiteElo "2618"]
[BlackElo "2612"]
[Annotator "RC"]
[PlyCount "81"]
[EventDate "2019.06.23"]
[EventType "swiss"]
[EventCountry "FRA"]
[SourceTitle "playchess.com"]
[Source "ChessBase"]
[SourceQuality "1"]
[TimeControl "5400+30"]

1. Nf3 c5 2. c4 Nc6 3. Nc3 g6 4. e3 Nf6 5. d4 cxd4 6. exd4 d5 7. cxd5 Nxd5 8. Qb3 Nxc3 9. Bc4 e6 10. bxc3 Bd7 11. Be2 Na5 12. Qb1 Rc8 13. O-O Bg7 14. Ba3 Bf8 15. Bb4 Bxb4 16. Qxb4 b6 17. d5 Rc5 18. dxe6 Bxe6 19. Rad1 Qf6 20. Nd2 Qxc3 21. Qh4 Qe5 22. Nf3 Qc7 23. Ng5 Qe7 24. Qa4+ Bd7 25. Qd4 O-O 26. Qxd7 Qxd7 27. Rxd7 Rxg5 28. Rc1 Re5 29. Bf3 Rfe8 30. h4 R8e7 31. Rcc7 Rxd7 32. Rxd7 Kf8 33. Rxa7 Nc4 34. Rc7 Nd2 35. Bb7 Re1+ 36. Kh2 Nf1+ 37. Kg1 Ne3+ 38. Kh2 Nf1+ 39. Kg1 Ne3+ 40. Kh2 Nf1+ 41. Kg1 1/2-1/2

[Event "6th Porticcio Open 2019"]
[Site "Porticcio"]
[Date "2019.07.05"]
[Round "8.5"]
[White "Kirk, Ezra"]
[Black "Krasenkow, Michal"]
[Result "0-1"]
[ECO "B30"]
[WhiteElo "2428"]
[BlackElo "2620"]
[Annotator "RC"]
[PlyCount "114"]
[EventDate "2019.06.23"]
[EventType "swiss"]
[EventCountry "FRA"]
[SourceTitle "playchess.com"]
[Source "ChessBase"]
[SourceQuality "1"]
[TimeControl "5400+30"]

1. e4 c5 2. Nf3 Nc6 3. Bb5 e6 4. O-O Nge7 5. d4 cxd4 6. Nxd4 Qb6 7. Nxc6 bxc6 8. Bd3 Ng6 9. c4 Be7 10. Nc3 O-O 11. Rb1 e5 12. b4 d6 13. Be3 Qc7 14. Qd2 Be6 15. a4 Rfc8 16. Rfc1 Qd7 17. f3 Bd8 18. Rd1 Bb6 19. Bf1 Bxe3+ 20. Qxe3 Qe7 21. a5 h5 22. Qd2 Rd8 23. b5 h4 24. Kh1 Rac8 25. b6 axb6 26. axb6 Rb8 27. Rb2 Rd7 28. Nd5 cxd5 29. cxd5 Rdb7 30. dxe6 Rxb6 31. Rxb6 Rxb6 32. exf7+ Qxf7 33. Qg5 Rc6 34. Qd8+ Kh7 35. Bb5 Qb3 36. Be2 Qc2 37. Qg5 Qxe2 38. Ra1 Nf8 39. h3 Qf2 40. Kh2 Qg3+ 41. Qxg3 hxg3+ 42. Kxg3 Rc2 43. Rd1 Ne6 44. Rxd6 Nf4 45. Kg4 Rxg2+ 46. Kf5 Ng6 47. h4 Rg3 48. f4 Nxf4 49. Kxe5 Ng6+ 50. Kf5 Nxh4+ 51. Kf4 Rg1 52. Rd5 Kh6 53. Rd8 g5+ 54. Ke5 Ng6+ 55. Ke6 Rg4 56. Rd4 Rf4 57. Ra4 g4 0-1

[Event "6th Porticcio Open 2019"]
[Site "Porticcio"]
[Date "2019.07.05"]
[Round "8.6"]
[White "Boyer, Mahel"]
[Black "Kovchan, Alexander"]
[Result "1-0"]
[ECO "B20"]
[WhiteElo "2295"]
[BlackElo "2566"]
[Annotator "ChessBase"]
[PlyCount "93"]
[EventDate "2019.06.23"]
[EventType "swiss"]
[EventCountry "FRA"]
[SourceTitle "playchess.com"]
[Source "ChessBase"]
[SourceQuality "1"]
[TimeControl "5400+30"]

1. e4 c5 2. d3 Nc6 3. g3 g6 4. Bg2 Bg7 5. f4 e6 6. Nf3 Nge7 7. O-O O-O 8. c3 b6 9. Be3 Ba6 10. Na3 Rc8 11. Bf2 d6 12. Re1 e5 13. d4 cxd4 14. cxd4 exf4 15. gxf4 d5 16. e5 Qd7 17. Nc2 Qf5 18. Bh4 Rfe8 19. Ne3 Qd3 20. Bh3 Rc7 21. Qxd3 Bxd3 22. Rac1 Rb7 23. f5 gxf5 24. Nxf5 Bxf5 25. Bxf5 Nxe5 26. Bxh7+ Kxh7 27. dxe5 Nf5 28. Bg5 Rd7 29. Kf2 d4 30. Re4 d3 31. Rf4 Nh6 32. Rh4 Re6 33. Bd2 f6 34. Rg1 Bf8 35. Rg3 Rc6 36. e6 Rxe6 37. Rgh3 Kg6 38. Bxh6 Re2+ 39. Kf1 Rc7 40. Rg3+ Kf7 41. Bf4 Rcc2 42. Nd4 Rf2+ 43. Kg1 Rxf4 44. Rxf4 d2 45. Rd3 Bc5 46. b4 Bxb4 47. Nxc2 1-0

[Event "6th Porticcio Open 2019"]
[Site "Porticcio"]
[Date "2019.07.05"]
[Round "8.7"]
[White "Sengupta, Deep"]
[Black "Sanchez, Louis"]
[Result "1/2-1/2"]
[ECO "D00"]
[WhiteElo "2559"]
[BlackElo "2316"]
[Annotator "ChessBase"]
[PlyCount "133"]
[EventDate "2019.06.23"]
[EventType "swiss"]
[EventCountry "FRA"]
[SourceTitle "playchess.com"]
[Source "ChessBase"]
[SourceQuality "1"]
[TimeControl "5400+30"]

1. d4 d5 2. Bf4 Nf6 3. e3 e6 4. Nd2 Bd6 5. Bg3 O-O 6. Ngf3 c5 7. c3 Qc7 8. dxc5 Qxc5 9. Bd3 Nbd7 10. Qc2 h6 11. O-O-O Bxg3 12. hxg3 Qc7 13. e4 dxe4 14. Nxe4 Nxe4 15. Bxe4 Nf6 16. Rhe1 Bd7 17. Ne5 Rfd8 18. f4 Be8 19. Bf3 Nd7 20. Nxd7 Bxd7 21. Qf2 Qa5 22. Kb1 Bc6 23. Re5 Qa4 24. b3 Rxd1+ 25. Bxd1 Qa3 26. Bc2 Rd8 27. Re1 Qa5 28. Kb2 Qb6 29. Qxb6 axb6 30. Re2 Kf8 31. a4 Ke7 32. c4 g5 33. f5 Kf6 34. fxe6 fxe6 35. b4 Rd4 36. b5 Bd7 37. Kc3 e5 38. Rd2 Rxd2 39. Kxd2 Ke7 40. Kc3 Kd6 41. Kb4 Bc8 42. Be4 h5 43. Bf3 h4 44. gxh4 gxh4 45. Be4 Kc7 46. c5 bxc5+ 47. Kxc5 b6+ 48. Kd5 h3 49. gxh3 Bxh3 50. Kxe5 Bf1 51. Bc2 Be2 52. Kd5 Bf1 53. Bd1 Bd3 54. Kd4 Bf1 55. Kc3 Kd6 56. Kb4 Kc7 57. Bf3 Kd6 58. Be4 Be2 59. Bc2 Kc7 60. Bb3 Bf1 61. Bc4 Bg2 62. a5 bxa5+ 63. Kxa5 Kb8 64. Kb6 Be4 65. Be6 Bd3 66. Kc5 Bxb5 67. Kxb5 1/2-1/2

[Event "6th Porticcio Open 2019"]
[Site "Porticcio"]
[Date "2019.07.05"]
[Round "8.8"]
[White "Zhigalko, Sergei"]
[Black "Defromont, Benjamin"]
[Result "1-0"]
[ECO "C95"]
[WhiteElo "2594"]
[BlackElo "2218"]
[Annotator "ChessBase"]
[PlyCount "73"]
[EventDate "2019.06.23"]
[EventType "swiss"]
[EventCountry "FRA"]
[SourceTitle "playchess.com"]
[Source "ChessBase"]
[SourceQuality "1"]
[TimeControl "5400+30"]

1. e4 e5 2. Nf3 Nc6 3. Bb5 a6 4. Ba4 Nf6 5. O-O Be7 6. Re1 b5 7. Bb3 d6 8. c3 O-O 9. h3 Nb8 10. d4 Nbd7 11. Nbd2 Bb7 12. Bc2 Re8 13. Nf1 Bf8 14. Ng3 exd4 15. cxd4 c5 16. d5 g6 17. b3 Bg7 18. Bf4 Nb6 19. Qd2 a5 20. Bd3 b4 21. Bb5 Rf8 22. Rad1 a4 23. Bc6 Ra7 24. Qc1 axb3 25. axb3 Qb8 26. Bxd6 Qxd6 27. e5 Qc7 28. exf6 Bxf6 29. Ne4 Bg7 30. Qxc5 Bxc6 31. dxc6 Rc8 32. Qxb4 Bf8 33. Nf6+ Kh8 34. Qh4 h6 35. Ne5 Bg7 36. Rd7 Nxd7 37. Nxf7# 1-0

[Event "6th Porticcio Open 2019"]
[Site "Porticcio"]
[Date "2019.07.06"]
[Round "9.1"]
[White "Lagarde, Maxime"]
[Black "Prithu Gupta"]
[Result "1-0"]
[ECO "A20"]
[WhiteElo "2599"]
[BlackElo "2470"]
[Annotator "ChessBase"]
[PlyCount "141"]
[EventDate "2019.06.23"]
[EventType "swiss"]
[EventCountry "FRA"]
[SourceTitle "playchess.com"]
[Source "ChessBase"]
[SourceQuality "1"]
[TimeControl "5400+30"]

1. c4 e5 2. g3 c6 3. Nf3 e4 4. Nd4 d5 5. cxd5 Qxd5 6. Nc2 Nf6 7. Nc3 Qe5 8. Bg2 Na6 9. O-O Be7 10. f3 exf3 11. Bxf3 Bg4 12. d4 Qh5 13. e4 Rd8 14. Qe2 O-O 15. Bxg4 Qxg4 16. Qg2 Qd7 17. Bg5 Nb4 18. Rad1 Ng4 19. Bf4 Nxc2 20. Qxc2 c5 21. Nd5 cxd4 22. Rxd4 Rc8 23. Nxe7+ Qxe7 24. Qd2 Ne5 25. Rd5 f6 26. Bxe5 fxe5 27. Rxf8+ Rxf8 28. Kg2 Qf6 29. Qe2 Qe6 30. Qb5 Qh6 31. Rxe5 Qd2+ 32. Kh3 Qh6+ 33. Rh5 Qe6+ 34. Rf5 Qh6+ 35. Kg4 Qg6+ 36. Kf3 Qh5+ 37. Kg2 Rxf5 38. exf5 h6 39. Qc4+ Kh8 40. f6 gxf6 41. Qc8+ Kg7 42. Qxb7+ Kg6 43. Qe4+ Kf7 44. Qc4+ Kg7 45. b4 Qd1 46. b5 h5 47. a4 Qd2+ 48. Kh3 Qd7+ 49. g4 Qd1 50. Qf4 Qb3+ 51. Kh4 hxg4 52. Qxg4+ Kf7 53. Qd4 Kg6 54. Qe4+ Kg7 55. Kg4 Qd1+ 56. Kg3 Qd6+ 57. Kh3 Qc5 58. Kg2 Qa3 59. h4 Qb2+ 60. Kf3 Qc3+ 61. Qe3 Qa5 62. Qd4 Kg6 63. Qe4+ f5 64. Qe6+ Kg7 65. Qe7+ Kg8 66. Qg5+ Kh8 67. Qf6+ Kg8 68. Qxf5 Qc3+ 69. Kg4 Qc4+ 70. Kg5 Qxa4 71. Qg4 1-0